 Dungeon Crawl Stone Soup version 0.28-a0-872-g80cf8599ee (webtiles) character file.

Game seed: 17846264158450470889

14 devnull the Skirmisher (level 2, -2/27 HPs)
             Began as a Minotaur Abyssal Knight on Nov 20, 2021.
             Was a Follower of Lugonu.
             Succumbed to a goblin's poison
             ... on level 1 of the Dungeon.
             The game lasted 00:03:27 (918 turns).

devnull the Skirmisher (Minotaur Abyssal Knight)     Turns: 918, Time: 00:03:28

Health: -2/27      AC:  3    Str: 17    XL:     2   Next: 27%
Magic:  2/2        EV: 11    Int:  7    God:    Lugonu [*.....]
Gold:   70         SH:  0    Dex: 10    Spells: 1/1 levels left

rFire   . . .      SeeInvis .   a - +0 war axe
rCold   . . .      Faith    .   (no shield)
rNeg    . . .      Spirit   .   b - +0 leather armour
rPois   .          Reflect  .   (helmet restricted)
rElec   .          Harm     .   (no cloak)
rCorr   .          Rampage  .   (no gloves)
Will    .....                   (no boots)
Stlth   +.........              (no amulet)
HPRegen 0.09/turn               (no ring)
MPRegen 0.08/turn               (no ring)

@: lethally poisoned (-2 -> -17)
A: horns 2, retaliatory headbutt
a: Renounce Religion, Depart the Abyss


You were on level 1 of the Dungeon.
You worshipped Lugonu.
Lugonu was aware of your devotion.
You visited 1 branch of the dungeon, and saw 1 of its levels.
You visited the Abyss 1 time.

You collected 90 gold pieces.
You spent 20 gold pieces at shops.

Inventory:

Hand Weapons
 a - a +0 war axe (weapon)
Armour
 b - a +0 leather armour (worn)
Scrolls
 c - 2 scrolls of identify
 d - a scroll of immolation {unknown}


   Skills:
 + Level 4.2 Fighting
 + Level 2.5 Axes
 + Level 2.6 Armour
 + Level 1.2 Dodging
 + Level 1.9 Invocations


You had one spell level left.
You didn't know any spells.
Your spell library was empty.

Dungeon Overview and Level Annotations

Branches:
Dungeon (1/15)

Altars:

Shops:
D:1 *


Innate Abilities, Weirdness & Mutations

You have a pair of horns on your head.
You reflexively headbutt those who attack you in melee.


Message History

You closely miss the goblin.
The goblin is severely wounded.
You feel very sick. The goblin hits you but does no damage.
You are more poisoned.
It was a potion of curing.
You feel better.
The goblin hits you with a +0 dagger of venom.
You are poisoned.
You closely miss the goblin.
The goblin is severely wounded.
You feel very sick. The goblin barely misses you.
You feel sick.
You feel sick.
You feel sick.
You closely miss the goblin.
The goblin is severely wounded.
You feel sick.
The goblin hits you with a +0 dagger of venom.
* * * LOW HITPOINT WARNING * * *
You are lethally poisoned!
The goblin barely misses you.
Okay, then.
You aren't carrying any potions.
You closely miss the goblin.
The goblin is severely wounded.
* * * LOW HITPOINT WARNING * * *
You feel very sick. The goblin closely misses you.
Unknown command.
You closely miss the goblin. Your headbutt misses the goblin.
The goblin is severely wounded.
* * * LOW HITPOINT WARNING * * *
You feel very sick. The goblin hits you but does no damage.
You are more poisoned.
Unknown command.
You barely miss the goblin.
The goblin is severely wounded.
You die...

...####.#♣≈♣≈≈♣.♣≈♣≈♣♣<♣#.
....#.♣♣≈♣≈♣≈≈≈≈♣≈♣≈≈♣..
.....♣.≈♣≈♣≈♣.♣≈≈♣≈♣♣..
.####.#.♣♣≈♣≈♣≈♣♣♣≈♣♣≈♣...
.......†.♣≈♣≈♣♣≈≈≈♣♣≈♣♣...
#..♣≈♣♣≈♣♣♣♣♣≈♣♣.♣#.
#..♣♣≈♣♣≈≈≈≈≈♣♣≈♣♣#.
#.####g#♣♣≈♣♣♣♣♣♣♣≈♣♣ #.
#......@.♣♣≈≈≈≈≈≈≈♣♣ #.
#######.###♣♣♣♣.♣♣♣♣ ..
#.............♣♣♣ ..
##....#.####.#.# ...
#.............# . ...
#....#.##.#...### (#
###.##.##.#.....#...
#.##.............##
..................


You could see a goblin.

Vanquished Creatures
  A ball python (D:1)
  A bat (D:1)
  An endoplasm (D:1)
  A giant cockroach (D:1)
  2 goblins (D:1)
  3 hobgoblins (D:1)
  A frilled lizard (D:1)
  A rat (D:1)
11 creatures vanquished.

Vanquished Creatures (others)
  7 toadstools (D:1)
7 creatures vanquished.

Grand Total: 18 creatures vanquished

Notes
Turn   | Place    | Note
-------+----------+-------------------------------------------
     0 | Abyss:1  | devnull the Minotaur Abyssal Knight began the quest for the
                  | Orb.
     0 | Abyss:1  | Reached XP level 1. HP: 19/19 MP: 1/1
    69 | Abyss:1  | Noticed a ynoxinul
    75 | Abyss:2  | Found a corrupted altar of Lugonu.
    98 | Abyss:2  | Found a corrupted altar of Lugonu.
   100 | Abyss:2  | Noticed a smoke demon
   121 | Abyss:2  | Noticed a small abomination
   128 | Abyss:2  | Noticed a jelly
   140 | D:1      | Escaped the Abyss
   443 | D:1      | Found Giloa's General Store.
   450 | D:1      | Bought a scroll of identify for 20 gold pieces
   598 | D:1      | Found a faded altar of an unknown god.
   684 | D:1      | Reached skill level 4 in Fighting
   707 | D:1      | Reached * piety under Lugonu
   708 | D:1      | Reached XP level 2. HP: 17/27 MP: 2/2
   918 | D:1      | Succumbed to a goblin's poison

Illustrated notes

Levels and vault maps discovered:
D:1:      nagdon_arrival_double_spiral, layout_basic,
          ebering_ecumenical_altar_webs, serial_shops, shop

Skill      XL: |  1 |
---------------+----+-----
Fighting       | 4 |  4.2
Axes           | |  2.5
Armour         | |  2.6
Dodging        | |  1.2
Invocations    | |  1.9

Action                   || total
-------------------------++-------
Melee: Hand axe          ||     9
       War axe           ||    21
       Headbutt          ||     2
Invok: Depart the Abyss  ||     1
  Use: Potion            ||     1
Armor: Leather armour    ||    10
Dodge: Dodged            ||    17

Table legend: (Time is in decaauts)
 A = Elapsed time spent in this place.
 B = Non-inter-level travel time spent in this place.
 C = Inter-level travel time spent in this place.
 D = Time resting spent in this place.
 E = Time spent auto-exploring this place.
 F = Levels seen in this place.
 G = Mean time per level.
                   A        B        C        D        E       F      G
               +--------+--------+--------+--------+--------+-----+--------+
         Total |    959 |    959 |      0 |    210 |    613 |   3 |  319.7 |
       Dungeon |    819 |    819 |      0 |    210 |    521 |   1 |  819.0 |
         Abyss |    139 |    139 |      0 |      0 |     92 |   2 |   69.5 |
               +--------+--------+--------+--------+--------+-----+--------+

Top non-repeatable levels by time:
     D:1: 819 daAuts
 Abyss:1: 75 daAuts
 Abyss:2: 64 daAuts
